 Dungeon Crawl Stone Soup version 0.29-a0-330-g52719c12eb (webtiles) character file.

Game seed: 6387366091527275500

1012 dohliylev the Stinger (level 8, -4/36 HPs)
             Began as a Spriggan Venom Mage on May 31, 2022.
             Engulfed by a cloud of freezing vapour (9 damage)
             ... on level 5 of the Dungeon.
             The game lasted 00:39:31 (8650 turns).

dohliylev the Stinger (Spriggan Venom Mage)         Turns: 8650, Time: 00:39:31

Health: -4/36      AC:  2    Str:  4    XL:     8   Next: 1%
Magic:  15/15      EV: 16    Int: 18    God:
Gold:   210        SH:  5    Dex: 16    Spells: 2/16 levels left

rFire   . . .      SeeInvis +   B - +3 dagger (holy)
rCold   + . .      Faith    .   n - +0 buckler
rNeg    . . .      Spirit   .   a - +0 robe
rPois   .          Reflect  .   (helmet restricted)
rElec   .          Harm     .   (no cloak)
rCorr   .          Rampage  .   (gloves unavailable)
Will    +....                   (boots unavailable)
Stlth   ++........              (no amulet)
HPRegen 0.12/turn               v - ring of wizardry
MPRegen 0.14/turn               C - ring of protection from cold

@: very quick
A: very small, no large weapons, unfitting armour, see invisible, speed 3
a: no special abilities


You were on level 5 of the Dungeon.
You visited 1 branch of the dungeon, and saw 5 of its levels.

You collected 210 gold pieces.

Inventory:

Hand Weapons
 B - a +3 dagger of holy wrath (weapon)
Armour
 a - a +0 robe (worn)
 j - an orb of guile
 n - a +0 buckler (worn)
 x - an orb of energy
Magical Staves
 r - a staff of earth
Jewellery
 g - a ring of fire
 q - a +6 ring of dexterity
 v - a ring of wizardry (left hand)
 w - a ring of flight
 C - a ring of protection from cold (right hand)
Scrolls
 e - a scroll of blinking {unknown}
 f - a scroll of vulnerability {unknown}
 i - a scroll of brand weapon {unknown}
 o - 4 scrolls of teleportation {unknown}
 t - 3 scrolls of identify {unknown}
 u - a scroll of fog {unknown}
 y - 2 scrolls of fear {unknown}
 A - a scroll of enchant weapon {unknown}
Potions
 b - 2 potions of magic
 c - a potion of berserk rage {unknown}
 d - 2 potions of curing {unknown}
 h - 2 potions of heal wounds {unknown}
 k - 4 potions of mutation {unknown}
 l - 2 potions of brilliance {unknown}
 m - a potion of lignification {unknown}
 p - a potion of cancellation {unknown}
 s - 2 potions of flight {unknown}
 z - a potion of might {unknown}


   Skills:
 + Level 2.8 Dodging
 - Level 3.0 Stealth
 + Level 4.5 Spellcasting
 + Level 2.3 Summonings
 + Level 5.2 Transmutations
 + Level 4.0 Air Magic
 - Level 6.0 Poison Magic


You had 2 spell levels left.
You knew the following spells:

 Your Spells              Type           Power      Damage    Failure   Level
a - Sting                 Tmut/Pois      96%        1d7       1%          1
b - Poisonous Vapours     Pois/Air       44%        N/A       2%          2
c - Summon Small Mammal   Summ           48%        N/A       4%          1
d - Olgreb's Toxic Radia  Pois           25%        N/A       11%         4
e - Mephitic Cloud        Conj/Pois/Air  16%        N/A       9%          3
f - Call Canine Familiar  Summ           12%        N/A       14%         3

Your spell library contained the following spells:

 Spells                   Type           Power      Damage    Failure   Level
 Corpse Rot               Necr/Air       22%        N/A       9%          2
 Summon Guardian Golem    Hex/Summ       8%         N/A       22%         3
 Alistair's Intoxication  Tmut/Pois      16%        N/A       32%         5
 Eringya's Noxious Bog    Tmut/Pois      12%        N/A       86%         6
 Borgnjor's Vile Clutch   Necr/Erth      2%         N/A       96%         5


Dungeon Overview and Level Annotations

Branches:
Dungeon (5/15)
 Temple: D:4-7

Altars:
Gozag
Kikubaaqudgha
Xom


Innate Abilities, Weirdness & Mutations

You are very small and have problems with some larger weapons.
You are too small for most types of armour.
You have supernaturally acute eyesight. (SInv)
You cover ground extremely quickly. (Speed+++)


Message History

Poisonous vapours surround the quokka!
The quokka looks even sicker.
Aiming: Sting (safe; 1% risk of failure)
Press: ? - help, Q - select action, (/) - cycle Shift-Dir - straight line, f/p - quokka
Aim: a quokka (moderately wounded, very poisoned, 67% to hit)
The sting hits the quokka.
The quokka looks as sick as possible!
You kill the quokka!
h - 2 brown potions (gained 1)
You start resting.
Magic restored.
Things that are here:
a +1 scythe of freezing; a +0 robe You see here a quokka corpse.
C - a ring of protection from cold You now have 210 gold pieces (gained 13).
You see here a jackal skeleton.
Found a chain mail.
Found a stone staircase leading up.
Partly explored, can't reach some items.
Partly explored, can't reach some items.
You see here a +0 mace.
There is an open door here.
You remove your ring of fire.
C - a ring of protection from cold (right hand) Really walk into a travel-excluded area? [Y]es or [N]o only, please.
Really walk into a travel-excluded area? [Y]es or [N]o only, please.
Really walk into a travel-excluded area?
Things that are here:
a +0 mace; a +0 robe
Things that are here:
a +0 dagger; a +0 flail; a +0 plate armour
Found a stone staircase leading down.
You start waiting.
You are engulfed in freezing vapours.
You resist.
You are engulfed in freezing vapours.
You resist.
You are engulfed in freezing vapours.
You resist.
* * * LOW HITPOINT WARNING * * *
You are engulfed in freezing vapours.
You resist.
You die...

#.######.....##.....
#.######............
#.#.#$#.......#....>
#.'.#(#####.........
###○#!#)......#.....
##○#(#.#####.......
##○#?#.## ####.##.
##○#.#..## #....
##@#.##..# ####.
##○#.###.##### #.
###○#.###.....### #.
..#○#.#######...###.
..#○#.## ###.#...
...#.#.#########.....
....#.#○#.............
.>...#.#○######.......)
..#°#.#####..######.


There were no monsters in sight!

Vanquished Creatures
  A troll (D:5)
  Sigmund (D:5)
  2 scorpions (D:4)
  A hound (D:4)
  An orc priest (D:4)
  An iguana (D:4)
  Jessica (D:2)
  3 orc wizards (D:5)
  10 adders
  4 gnolls (D:3)
  A worm (D:4)
  2 dart slugs
  13 orcs
  14 ball pythons
  14 bats
  6 endoplasms
  6 giant cockroaches
  8 goblins
  6 hobgoblins
  7 jackals
  7 quokkas
  3 frilled lizards
  11 kobolds
  9 rats
132 creatures vanquished.

Vanquished Creatures (collateral kills)
  Blork the orc (D:5)
1 creature vanquished.

Vanquished Creatures (others)
  An orc priest (D:5)
  An orc wizard (D:5)
  An orc (D:5)
  2 fungi (D:4)
  5 plants (D:3)
  4 toadstools (D:1)
14 creatures vanquished.

Grand Total: 147 creatures vanquished

Notes
Turn   | Place    | Note
-------+----------+-------------------------------------------
     0 | D:1      | dohliylev the Spriggan Venom Mage began the quest for the
                  | Orb.
     0 | D:1      | Reached XP level 1. HP: 9/9 MP: 5/5
   118 | D:1      | Reached XP level 2. HP: 13/13 MP: 1/6
   221 | D:1      | Found a faded altar of an unknown god.
   239 | D:1      | Learned a level 2 spell: Poisonous Vapours
   922 | D:1      | Reached XP level 3. HP: 16/16 MP: 0/8
  1674 | D:2      | Reached skill level 4 in Poison Magic
  2260 | D:2      | Reached XP level 4. HP: 21/21 MP: 5/10
  2578 | D:2      | Learned a level 1 spell: Summon Small Mammal
  2744 | D:2      | Noticed Jessica
  2753 | D:2      | Killed Jessica
  2754 | D:2      | Reached skill level 1 in Air Magic
  3977 | D:3      | Reached XP level 5. HP: 24/24 MP: 0/11
  5088 | D:4      | Reached skill level 5 in Poison Magic
  5258 | D:4      | Found an ancient bone altar of Kikubaaqudgha.
  5389 | D:4      | Reached XP level 6. HP: 28/28 MP: 0/13
  5641 | D:4      | Learned a level 4 spell: Olgreb's Toxic Radiance
  6301 | D:4      | Reached skill level 6 in Poison Magic
  6796 | D:4      | Learned a level 3 spell: Mephitic Cloud
  7381 | D:5      | Entered Level 5 of the Dungeon
  7381 | D:5      | Noticed a troll
  7403 | D:5      | Found a shimmering altar of Xom.
  7413 | D:5      | Killed a troll
  7414 | D:5      | Reached skill level 1 in Summonings
  7414 | D:5      | Reached XP level 7. HP: 32/32 MP: 3/14
  7722 | D:5      | Learned a level 3 spell: Call Canine Familiar
  8069 | D:5      | Noticed Blork the orc
  8085 | D:5      | Killed Blork the orc
  8086 | D:5      | Reached skill level 5 in Transmutations
  8235 | D:5      | Found an opulent altar of Gozag.
  8293 | D:5      | Noticed Sigmund
  8319 | D:5      | Killed Sigmund
  8320 | D:5      | Reached XP level 8. HP: 25/36 MP: 1/15
  8650 | D:5      | Engulfed by a cloud of freezing vapour

Illustrated notes

Levels and vault maps discovered:
D:1:      ldierk_walled_garden_2, layout_basic,
          shapermc_ecumenical_altar_acropolis, grunt_decor_one_mirror,
          minmay_misc_feat_four_crosses, moated_statue
D:2:      layout_basic, minmay_fractal_squares_5, uniq_jessica
D:3:      layout_rooms, dreamdust_princess_bridge, wad_floor_pattern_2,
          kennysheep_big_empty_room, grunt_ministairs_13, minmay_misc_feat_x,
          serial_bayou_pond_a, minmay_pentomino_pile
D:4:      old_forge, layout_basic, kennysheep_little_box
D:5:      lemuel_ice_spiral_2, layout_rooms,
          mainiacjoe_overflow_six_doors_small, kennysheep_mini, uniq_sigmund,
          uniq_blork_the_orc

Skill      XL: |  1  2  3  4  5  6  7 |
---------------+----------------------+-----
Spellcasting   | 3 4 |  4.5
Transmutations | 2 4 5 |  5.2
Poison Magic   | 4 5 6 |  6.0
Air Magic      | 1 2 3 4 |  4.0
Summonings     | 1 2 |  2.3
Dodging        | |  2.8
Stealth        | |  3.0

Action                   |  1- 3 |  4- 6 |  7- 9 || total
-------------------------+-------+-------+-------++-------
Melee: Unarmed           |       |     1 |       ||     1
       Dagger            |       |       |     1 ||     1
 Cast: Sting             |    51 |    97 |     5 ||   153
       Poisonous Vapours |    33 |   104 |    29 ||   166
       Summon Small Mamm |       |    18 |       ||    18
       Olgreb's Toxic Ra |       |     4 |     2 ||     6
       Mephitic Cloud    |       |     1 |       ||     1
       Call Canine Famil |       |       |     1 ||     1
Armor: Robe              |     1 |     2 |       ||     3
Dodge: Dodged            |    11 |    17 |     2 ||    30
Block: Buckler           |       |     4 |       ||     4

Table legend: (Time is in decaauts)
 A = Elapsed time spent in this place.
 B = Non-inter-level travel time spent in this place.
 C = Inter-level travel time spent in this place.
 D = Time resting spent in this place.
 E = Time spent auto-exploring this place.
 F = Levels seen in this place.
 G = Mean time per level.
                   A        B        C        D        E       F      G
               +--------+--------+--------+--------+--------+-----+--------+
         Total |   7181 |   7130 |     51 |   4150 |   1682 |   5 | 1436.2 |
       Dungeon |   7181 |   7130 |     51 |   4150 |   1682 |   5 | 1436.2 |
               +--------+--------+--------+--------+--------+-----+--------+

Top non-repeatable levels by time:
     D:4: 2102 daAuts
     D:2: 1561 daAuts
     D:3: 1263 daAuts
     D:1: 1196 daAuts
     D:5: 1058 daAuts
